Map: Triton LE

Players

NeoBlade

  • Race: Terran Terran
  • League: Diamond
  • Spawn Location: 11:00

A.I. 1 (Elite) - Winner!

  • Race: Protoss Protoss
  • Spawn Location: 5:00

VOD

https://www.youtube.com/watch?v=EGUQsUhDvug

Description

German: TvX (not TvT) build order for lower leagues (below 5K MMR). German language, not English.

Time

  • Played on: Jan. 11, 2020, 9:34 a.m.
  • Length: 7:16
Show
View Real Time Build Order
Export as new Build Order

NeoBlade Terran 

Build Orders: Reaper Expand 

Get SALT Encoding   

  12  0:01  SCV  
  13  0:13  SCV  
  14  0:17  Supply Depot  
  14  0:25  SCV  
  15  0:37  Refinery  
  15  0:39  SCV  
  16  0:45  Barracks  
  16  0:51  SCV  
  17  1:03  SCV  
  18  1:15  SCV  
  19  1:34  Orbital Command  
  19  1:35  Reaper  
  20  1:40  Command Center  
  20  2:03  SCV  
  20  2:04  Supply Depot  
  21  2:15  SCV  
  22  2:16  Refinery  
  22  2:23  Barracks Reactor  
  22  2:27  SCV  
  23  2:30  Factory  
  23  2:38  Barracks  
  23  2:39  SCV  
  23  2:51  SCV  
  23  2:56  Orbital Command  
  24  3:03  SCV  
  24  3:04  Marine x2  
  27  3:10  Bunker  
  27  3:15  SCV  
  27  3:16  Factory Tech Lab  
  28  3:22  Marine x2  
  28  3:23  SCV  
  31  3:27  Barracks Tech Lab  
  31  3:28  SCV  
  32  3:35  SCV  
  32  3:38  Siege Tank  
  32  3:40  SCV, Marine x2  
  39  3:47  SCV  
  40  3:49  Supply Depot  
  40  3:50  Supply Depot  
  40  3:52  SCV, Marine  
  42  3:56  Stimpack  
  42  3:57  Marine  
  42  3:58  Marine  
  42  3:59  SCV  
  45  4:04  SCV  
  46  4:11  Siege Tank, SCV  
  46  4:14  Supply Depot  
  46  4:16  SCV  
  51  4:17  Supply Depot  
  51  4:19  Marine  
  51  4:20  Marine  
  51  4:22  Marine  
  51  4:23  SCV  
  55  4:28  SCV  
  56  4:35  SCV  
  56  4:37  Supply Depot x2  
  57  4:40  SCV  
  58  4:46  Siege Tank  
  58  4:48  SCV  
  58  4:52  SCV  
  63  4:53  Marine x3  
  66  5:00  SCV  
  66  5:04  SCV, Supply Depot  
  68  5:11  Marine x3  
  68  5:12  SCV  
  72  5:15  Starport  
  72  5:16  SCV  
  72  5:18  Siege Tank  
  76  5:24  SCV  
  77  5:28  Marine  
  77  5:29  SCV, Marine x2  
  81  5:36  SCV  
  81  5:39  Supply Depot  
  81  5:41  SCV  
  83  5:46  Marine x2  
  83  5:47  Marine  
  83  5:48  SCV  
  87  5:50  Siege Tank  
  87  5:52  Refinery  
  87  5:53  SCV  
  87  5:54  Medivac  
  87  5:55  Refinery  
  93  6:00  SCV  
  93  6:01  Supply Depot  
  94  6:04  Marine x3  
  94  6:05  SCV  
  94  6:11  Command Center  
  98  6:12  SCV  
  98  6:17  SCV  
  100  6:22  Siege Tank, Marine x3  
  100  6:23  Supply Depot  
  100  6:24  Medivac  
  108  6:35  SCV x2  
  110  6:40  Marine x3  
  110  6:46  Barracks  
  113  6:47  SCV x2  
  108  6:58  Marine x3  
  108  6:59  SCV x2  
Show
View Real Time Build Order
Export as new Build Order

A.I. 1 (Elite) Protoss - Winner!

Build Orders: 1 Gate Expand, Nexus First, Colossus Rush 

Get SALT Encoding   

  12  0:00  Probe  
  13  0:13  Probe  
  14  0:19  Pylon  
  14  0:25  Probe  
  15  0:33  Probe, Assimilator  
  15  0:37  Pylon  
  15  0:41  Probe  
  16  0:44  Gateway  
  17  0:51  Probe  
  18  0:59  Probe  
  18  1:03  Nexus  
  19  1:07  Probe  
  19  1:18  Probe  
  21  1:30  Probe  
  21  1:31  Zealot  
  21  1:32  Pylon  
  24  1:34  Cybernetics Core  
  24  1:42  Probe  
  24  1:44  Gateway  
  25  1:47  Assimilator  
  25  1:54  Probe  
  26  2:02  Probe, Stalker  
  26  2:04  Pylon  
  27  2:10  Probe  
  27  2:12  Warp Gate  
  27  2:15  Probe  
  31  2:20  Probe  
  31  2:27  Probe, Robotics Facility  
  33  2:30  Adept  
  33  2:31  Adept  
  33  2:32  Probe  
  38  2:39  Probe  
  39  2:44  Probe  
  39  2:50  Zealot x3  
  41  2:51  Probe  
  41  2:54  Adept  
  41  2:56  Adept  
  41  2:57  Probe  
  42  3:03  Nexus, Probe  
  47  3:09  Probe  
  48  3:15  Probe  
  48  3:19  Probe  
  55  3:20  Adept  
  55  3:21  Adept, Probe  
  60  3:27  Probe  
  60  3:28  Robotics Bay  
  60  3:30  Pylon  
  62  3:35  Twilight Council  
  62  3:38  Robotics Facility  
  62  3:41  Pylon  
  62  3:44  Gateway  
  62  3:45  Pylon  
  62  3:48  Probe x2, Stalker  
  62  3:49  Observer  
  62  3:50  Stalker  
  69  4:00  Probe x2  
  71  4:06  Extended Thermal Lance  
  71  4:09  Probe, Pylon  
  69  4:13  Probe  
  69  4:15  Colossus  
  72  4:23  Pylon  
  72  4:25  Colossus  
  72  4:26  Zealot  
  72  4:28  Nexus, Zealot  
  82  4:38  Zealot  
  82  4:42  Zealot  
  86  4:49  Pylon  
  86  4:50  Stalker  
  88  4:58  Stalker, Colossus  
  88  4:59  Gateway  
  90  5:01  Probe  
  90  5:02  Stargate  
  90  5:03  Probe  
  90  5:06  Stalker  
  94  5:13  Stalker  
  102  5:17  Forge  
  102  5:20  Disruptor  
  105  5:23  Forge  
  105  5:45  Probe x2  
  105  5:46  Probe x2  
  105  5:47  Assimilator  
  105  5:49  Nexus, Assimilator  
  109  5:52  Disruptor, Assimilator  
  109  5:53  Pylon  
  109  5:55  Assimilator  
  109  5:56  Assimilator  
  112  5:57  Sentry, Probe  
  112  5:58  Assimilator  
  112  5:59  Probe x3  
  118  6:05  Stalker  
  118  6:09  Probe  
  118  6:10  Probe  
  118  6:11  Probe x2, Pylon  
  122  6:17  Sentry  
  126  6:18  Probe  
  126  6:19  Probe  
  126  6:21  Photon Cannon  
  126  6:22  Probe  
  126  6:23  Pylon  
  126  6:24  Probe  
  130  6:26  Probe  
  130  6:29  Pylon  
  130  6:30  Probe  
  131  6:34  Probe  
  131  6:36  Probe  
  131  6:37  Probe  
  131  6:39  Sentry  
  137  6:40  Photon Cannon  
  137  6:42  Probe  
  137  6:46  Probe  
  139  6:49  Photon Cannon  
  139  6:51  Stalker  
  139  6:52  Photon Cannon  
  139  6:54  Pylon  
  139  6:56  Stalker  
  139  6:59  Stalker  
  144  7:04  Probe  
  145  7:11  Nexus  
Tags
 
Add a new tag
Caveats
  • Supply blocks, unpowered buildings, or Contaminate may cause inaccurate times.
  • Supply counts are checked every 10 seconds.